 Dungeon Crawl Stone Soup version 0.30-a0-986-g7f2e898f52 (webtiles) character file.

Game seed: 15901458639014698984

913 jimonade the Caller (level 8, -9/62 HPs)
             Began as a Hill Orc Summoner on Apr 1, 2023.
             Mangled by an ogre
             ... wielding a +0 giant club
              (21 damage)
             ... on level 6 of the Dungeon.
             The game lasted 00:17:12 (6267 turns).

jimonade the Caller (Hill Orc Summoner)             Turns: 6267, Time: 00:17:13

Health: -9/62      AC:  8    Str: 13    XL:     8   Next: 9%
Magic:  9/13       EV: 12    Int: 15    God:
Gold:   332        SH:  0    Dex: 17    Spells: 9/13 levels left

rFire   . . .      SeeInvis .    a - +1 scythe (heavy)
rCold   + . .      Faith    +    (shield currently unavailable)
rNeg    . . .      Spirit   .    z - +1 robe {rC+}
rPois   +          Reflect  .    O - +0 helmet
rElec   .          Rampage  .    A - +1 cloak
rCorr   .                        c - +1 pair of gloves "Urrul" {rPois}
Will    +....                    (no boots)
Stlth   ++                       v - amulet of faith
HPRegen 0.30/turn                h - +6 ring of dexterity
MPRegen 0.13/turn                E - ring of willpower

@: no status effects
A: no striking features
a: no special abilities


You were on level 6 of the Dungeon.
You visited 1 branch of the dungeon, and saw 6 of its levels.
You also visited: Sewer.

You collected 332 gold pieces.

Inventory:

Hand Weapons
 a - a +1 heavy scythe (weapon)
 o - a +0 dagger
 p - a +0 whip
 r - a +0 mace
 y - a +0 rapier
 C - a +0 broad axe
 F - a +0 quarterstaff
Missiles
 g - 49 stones
 l - 22 poisoned darts
 M - 6 atropa-tipped darts
Armour
 c - the +1 pair of gloves "Urrul" (worn) {rPois}
   (You acquired it on level 2 of the Dungeon)

   rPois:     It protects you from poison.
 t - the +8 chain mail of Delicate Happiness {rElec rC- Int+5 Stlth+}
   (You found it on level 2 of the Dungeon)

   Int:       It affects your intelligence (+5).
   rC:        It makes you vulnerable to cold.
   rElec:     It insulates you from electricity.
   Stlth:     It makes you more stealthy.
 w - a +0 tower shield
 z - a +1 robe of cold resistance (worn)
 A - a +1 cloak (worn)
 B - a +2 pair of gloves
 O - a +0 helmet (worn)
Jewellery
 d - a ring of fire
 h - a +6 ring of dexterity (left hand)
 v - an amulet of faith (around neck)
 x - a ring of flight
 E - a ring of willpower (right hand)
 H - a ring of poison resistance
Wands
 D - a wand of flame (16)
Scrolls
 k - 6 scrolls of teleportation
 G - 2 scrolls of identify
 I - 2 scrolls of enchant armour
 J - a scroll of enchant weapon
Potions
 b - 3 potions of magic
 e - 3 potions of heal wounds
 f - 2 potions of might
 i - 2 potions of invisibility {unknown}
 j - 6 potions of degeneration
 m - a potion of attraction {unknown}
 n - 8 potions of flight
 q - a potion of resistance {unknown}
 s - a potion of curing {unknown}
 u - a potion of berserk rage
 L - a potion of haste {unknown}


   Skills:
 + Level 2.6 Fighting
 - Level 1.8 Short Blades
 + Level 4.6 Polearms
 - Level 1.5 Dodging
 - Level 1.5 Stealth
 + Level 3.4 Spellcasting
 + Level 6.2 Summonings
 * Level 3.5 Invocations


You had 9 spell levels left.
You knew the following spells:

 Your Spells              Type           Power      Damage    Failure   Level
a - Summon Small Mammal   Summ           84%        N/A       1%          1
b - Call Canine Familiar  Summ           21%        N/A       4%          3

Your spell library contained the following spells:

 Spells                   Type           Power      Damage    Failure   Level
 Call Imp                 Summ           21%        N/A       2%          2
 Summon Guardian Golem    Hex/Summ       12%        N/A       16%         3
 Magic Dart               Conj           8%         1d3       19%         1
 Sting                    Tmut/Pois      8%         1d3       19%         1
 Poisonous Vapours        Pois/Air       4%         N/A       28%         2
 Summon Lightning Spire   Summ/Air       12%        N/A       45%         4
 Ignite Poison            Fire/Tmut/Pois 2%         N/A       50%         3
 Kindle Blastsparks       Fire/Tloc/Air  4%         2d10      50%         3
 Mephitic Cloud           Conj/Pois/Air  2%         N/A       50%         3
 Olgreb's Toxic Radiance  Pois           2%         N/A       88%         4
 Freezing Cloud           Conj/Ice/Air   1%         6-21      99%         5


Dungeon Overview and Level Annotations

Branches:
Dungeon (6/15)             Temple (0/1) D:6           Sewer (visited)

Altars:
Fedhas
Yredelemnul

Annotations:
D:3 exclusion: oklob plant


Message History

You swap places.
Your hound disappears in a puff of smoke!
You now have 332 gold pieces (gained 19).
Magic restored.
An ogre comes into view. It is wielding a +0 giant club.
Found a glowing rapier.
The ogre shouts!
Casting: Call Canine Familiar (dangerous; 4% risk of failure)
Confirm with . or Enter, or press ? or * to list all spells.
Your hound bites the ogre.
Your hound bites the ogre but does no damage.
The ogre barely misses your hound.
You reach to attack!
You barely miss the ogre.
The ogre is lightly wounded.
Your hound bites the ogre. x2; The ogre closely misses your hound.
Your hound bites the ogre.
You reach to attack!
You puncture the ogre!
The ogre is severely wounded.
Your hound barely misses the ogre. x2
The ogre hits your hound with a +0 giant club!!!
Your hound dies!
Your hound's corpse disappears in a puff of smoke!
You reach to attack!
You barely miss the ogre.
The ogre is severely wounded.
The ogre hits you with a +0 giant club!!
You barely miss the ogre.
The ogre is severely wounded.
The ogre misses you.
You hit the ogre.
The ogre is almost dead.
The ogre hits you with a +0 giant club!!
* * * LOW HITPOINT WARNING * * *
Casting: Call Canine Familiar (dangerous; 4% risk of failure)
Confirm with . or Enter, or press ? or * to list all spells.
The ogre barely misses you.
You barely miss the ogre.
The ogre is almost dead.
Your hound bites the ogre but does no damage.
The ogre hits you with a +0 giant club!!
You die...

#.# ######.####
#.........#
#.........#
.###.........#
...[.........#
###.....[...#
######h........#
#....O@........#
.......####.........#
.##.... #.........#
#.... #.........#
#.... #####..####
...... #.## .#)..O.
.# ##.... .#


You could see an ogre (ally target) and a friendly hound (summoned).

Vanquished Creatures
  A water moccasin (D:5)
  5 hounds
  3 jellies (D:5)
  An iguana (D:5)
  6 adders
  3 river rats (Sewer)
  2 white imps
  4 worms
  3 dart slugs
  4 ball pythons
  An endoplasm (D:1)
  6 giant cockroaches
  7 hobgoblins
  3 jackals
  5 kobolds
  4 quokkas
  10 bats
  4 frilled lizards
  8 goblins
  2 rats (D:2)
82 creatures vanquished.

Vanquished Creatures (collateral kills)
  Sigmund (D:2)
  A black bear (D:6)
  3 adders
  2 river rats
  An ufetubus (D:4)
  2 worms
  3 dart slugs
  2 orcs
  3 bats
  3 endoplasms
  2 giant cockroaches
  7 goblins
  4 hobgoblins
  6 jackals
  5 kobolds
  3 quokkas
  6 ball pythons
  4 frilled lizards
  5 rats
63 creatures vanquished.

Vanquished Creatures (others)
  3 fungi
  5 plants (D:3)
  14 toadstools (D:3)
22 creatures vanquished.

Grand Total: 167 creatures vanquished

Notes
Turn   | Place    | Note
-------+----------+-------------------------------------------
     0 | D:1      | jimonade the Hill Orc Summoner began the quest for the Orb.
     0 | D:1      | Reached XP level 1. HP: 14/14 MP: 3/3
   175 | D:1      | Reached XP level 2. HP: 20/20 MP: 1/4
   579 | D:1      | Reached XP level 3. HP: 20/26 MP: 3/5
   613 | D:1      | Found a faded altar of an unknown god.
  1000 | D:1      | Learned a level 3 spell: Call Canine Familiar
  1066 | D:2      | Noticed Sigmund
  1533 | D:2      | Identified the +8 chain mail of Delicate Happiness {rElec
                  | rC- Int+5 Stlth+}
  1884 | D:2      | Reached XP level 4. HP: 33/33 MP: 5/7
  2235 | D:2      | Killed Sigmund
  2236 | D:2      | Reached skill level 1 in Short Blades
  2236 | D:2      | Reached skill level 5 in Summonings
  2236 | D:2      | Reached XP level 5. HP: 39/39 MP: 3/9
  2509 | D:2      | Identified a scroll of acquirement
  2509 | D:2      | Acquired the +1 pair of gloves "Urrul" {rPois}
  2545 | D:3      | Found a basalt altar of Yredelemnul.
  2554 | D:3      | Reached XP level 6. HP: 37/46 MP: 7/10
  3148 | D:3      | Found a blossoming altar of Fedhas.
  3212 | D:3      | Noticed an oklob plant
  3417 | D:4      | Reached skill level 1 in Fighting
  3813 | D:4      | Reached skill level 1 in Polearms
  4493 | D:4      | Reached skill level 1 in Invocations
  4580 | D:5      | Entered Level 5 of the Dungeon
  4707 | D:5      | Reached skill level 6 in Summonings
  4722 | D:5      | Found a glowing drain.
  4727 | Sewer    | Entered a sewer
  4969 | Sewer    | Reached XP level 7. HP: 53/53 MP: 11/11
  6125 | D:6      | Found a staircase to the Ecumenical Temple.
  6221 | D:6      | Reached XP level 8. HP: 62/62 MP: 9/13
  6267 | D:6      | Mangled by an ogre

Illustrated notes

Levels and vault maps discovered:
D:1:      dpeg_arrival_shrine, layout_loops_ring,
          shapermc_ecumenical_altar_ellora
D:2:      layout_basic, minmay_tetromino_l2, uniq_sigmund
D:3:      layout_rooms, tgw_fedhas, mainiacjoe_overflow_boulevard
D:4:      layout_basic, corexii_checkpoint_b, kennysheep_generic_room_16
D:5:      layout_rooms, gup_sewer_entry_bowl
D:6:      layout_rooms, minmay_temple_entry_glass, serial_shops, kennysheep_mini

Skill      XL: |  1  2  3  4  5  6  7 |
---------------+----------------------+-----
Spellcasting   | 2 3 |  3.4
Short Blades   | 1 |  1.8
Summonings     | 5 6 |  6.2
Fighting       | 1 2 |  2.6
Polearms       | 2 4 |  4.6
Invocations    | 1 3 |  3.5
Dodging        | |  1.5
Stealth        | |  1.5

Action                     |  1- 3 |  4- 6 |  7- 9 || total
---------------------------+-------+-------+-------++-------
  Melee: Dagger            |    53 |       |       ||    53
         Rapier            |    31 |     6 |       ||    37
         Punch             |     1 |     1 |       ||     2
         Halberd           |       |   148 |    74 ||   222
   Cast: Summon Small Mamm |    53 |     4 |       ||    57
         Call Canine Famil |       |    30 |    13 ||    43
    Use: Scroll            |       |    11 |     2 ||    13
   Stab: Distracted        |     1 |       |       ||     1
         Sleeping          |       |     3 |     2 ||     5
 Armour: Robe              |    29 |    66 |    17 ||   112
  Dodge: Dodged            |    97 |   106 |    42 ||   245

Table legend: (Time is in decaauts)
 A = Elapsed time spent in this place.
 B = Non-inter-level travel time spent in this place.
 C = Inter-level travel time spent in this place.
 D = Time resting spent in this place.
 E = Time spent auto-exploring this place.
 F = Levels seen in this place.
 G = Mean time per level.
                   A        B        C        D        E       F      G
               +--------+--------+--------+--------+--------+-----+--------+
         Total |   6559 |   6294 |    265 |    654 |   3653 |   7 |  937.0 |
       Dungeon |   5534 |   5269 |    265 |    491 |   3149 |   6 |  922.3 |
         Sewer |   1025 |   1025 |      0 |    163 |    504 |   1 | 1025.0 |
               +--------+--------+--------+--------+--------+-----+--------+

Top non-repeatable levels by time:
     D:2: 1605 daAuts
     D:4: 1292 daAuts
     D:1: 1119 daAuts
   Sewer: 1025 daAuts
     D:5: 699 daAuts
     D:3: 613 daAuts
     D:6: 203 daAuts
